 Dungeon Crawl Stone Soup version 0.18-a0-1784-ga939a68 (webtiles) character file.

100 Chiseanne the Skirmisher (level 4, 37/37 HPs)
             Began as a Demonspawn Monk on Apr 18, 2016.
             Quit the game on level 2 of the Dungeon.
             The game lasted 00:12:37 (2382 turns).

Chiseanne the Skirmisher (Demonspawn Monk)          Turns: 2382, Time: 00:12:37

Health: 37/37      AC:  6    Str: 13    XL:     4   Next: 46%
Magic:  4/4        EV:  9    Int: 11    God:
Gold:   85         SH:  8    Dex: 15    Spells: 0 memorised, 3 levels left

rFire  . . .     SeeInvis .       - Unarmed
rCold  + . .     Gourm    .     c - +0 ring mail {rC+}
rNeg   . . .     Faith    .     d - +0 shield
rPois  .         Spirit   +     (helmet restricted)
rElec  .         Dismiss  .     (no cloak)
rCorr  .         Reflect  .     g - +0 pair of gloves
SustAt .         Harm     .     (no boots)
MR     .....                    (no amulet)
Stlth  +.........               (no ring)
                                (no ring)

@: not resistant to hostile enchantments, very unstealthy
A: antennae 1, magic shield
a: no special abilities


You were on level 2 of the Dungeon.
You were not hungry.

You visited 1 branch of the dungeon, and saw 2 of its levels.

You collected 85 gold pieces.

Inventory:

Missiles
 e - 19 bolts
 q - 14 poisoned needles
Armour
 c - a +0 ring mail of cold resistance (worn)
 d - a +0 shield (worn)
 g - a +0 pair of gloves (worn)
Scrolls
 h - a scroll of enchant weapon {unknown}
 j - a scroll of fear {unknown}
 o - a scroll of immolation {unknown}
 t - a scroll of random uselessness {unknown}
 u - a scroll of identify {unknown}
Potions
 f - 3 potions of curing {unknown}
 k - a potion of flight {unknown}
 l - a potion of magic {unknown}
 p - a potion of haste {unknown}
 s - a potion of cure mutation {unknown}
Comestibles
 b - 3 bread rations
 i - 2 slices of pizza
 m - 2 beef jerkies
 n - a chunk of flesh
 r - 4 fruits


   Skills:
 * Level 3.7 Fighting
 * Level 1.6 Armour
 * Level 3.1 Dodging
 - Level 1.7 Stealth
 * Level 1.8 Shields
 - Level 3.6 Unarmed Combat


You had 3 spell levels left.
You didn't know any spells.

Dungeon Overview and Level Annotations

Branches:
Dungeon (2/15)

Altars:


Innate Abilities, Weirdness & Mutations

You have a pair of small antennae on your head.
When hurt, damage is shared between your health and your magic reserves.


Message History

No target in view!
No target in view!
No target in view!
No target in view!
No target in view!
No target in view!
No target in view!
No target in view!
You see here a rat corpse.
You butcher the rat corpse.
n - a chunk of flesh
Found a ring mail.
There is a stone staircase leading down here.
You see here a ring mail.
a - 55 arrows (gained 14) Done exploring.
Done exploring.
Drop what? 21/52 slots (_ for help) (? for menu, Esc to quit)
You drop 55 arrows.
Are you sure you want to abandon this character and quit the game? (Confirm with "yes".)

#..# #.# #.# ###
#..# #.# #.# ..#
#..# #.# #.#
..####..# #†#
##.## .......)#
#.# ##...#########
..#####.#####.####
#............. ..#
#....†.....#
##...########. ###
###.....##.# ##.##
#. #.######@# ###
#. #.# #.# #. #.#
#.# #. #.# #[#
###. #.# #.# ##...
#.# #.# #####...#
#.# #.# #.....#..
#.# #.# #.###...#
#.######.# #.#
##.##


There were no monsters in sight!

Vanquished Creatures
  4 adders (D:2)
  An ooze (D:1)
  2 worms (D:2)
  A dart slug (D:2)
  6 giant cockroaches
  10 goblins
  A hobgoblin (D:1)
  2 jackals (D:1)
  4 kobolds
  A ball python (D:1)
  7 bats
  3 giant newts
  12 rats
54 creatures vanquished.

Notes
Turn   | Place    | Note
--------------------------------------------------------------
     0 | D:1      | Chiseanne the Demonspawn Monk began the quest for the Orb.
     0 | D:1      | Reached XP level 1. HP: 18/18 MP: 1/1
   160 | D:1      | Gained mutation: When hurt, damage is shared between your health and your magic reserves. [demonic ancestry]
   160 | D:1      | Reached XP level 2. HP: 20/24 MP: 2/2
   622 | D:1      | Reached skill level 1 in Armour
   933 | D:2      | Gained mutation: You have a pair of small antennae on your head. [demonic ancestry]
   933 | D:2      | Reached XP level 3. HP: 10/29 MP: 1/3
  1255 | D:2      | Reached skill level 1 in Shields
  1679 | D:2      | Reached XP level 4. HP: 34/36 MP: 2/4
  2382 | D:2      | Quit the game

Vault maps used:
D:1:      kilobyte_arrival_exit_the_forest

Skill      XL: |  1  2  3 |
---------------+----------+-----
Armour         | 1 |  1.6
Dodging        | 3 |  3.1
Shields        | 1 |  1.8
Fighting       | |  3.7
Stealth        | |  1.7
Unarmed Combat | |  3.6

Action                   |  1- 3 |  4- 6 || total
-------------------------+-------+-------++-------
Melee: Unarmed           |   184 |    77 ||   261
 Stab: Distracted        |     1 |       ||     1
       Sleeping          |       |     1 ||     1
  Eat: Chunk             |     3 |     2 ||     5
Armor: Ring mail         |    97 |    25 ||   122
Dodge: Dodged            |    76 |    22 ||    98
Block: Shield            |    66 |    21 ||    87
